SAAA
NAPERVILLE BATTLEKINGS @ TREMONT DOUBLEDAYS
07/06/2018
 
TOP OF THE 1ST
Naperville Battlekings batting - Pitching for Tremont Doubledays : RHP Mike Hornberger
Pitching: RHP Mike Hornberger
Batting: RHB Pat Lindsey 0-0: Fly out, F4 (Popup, 8RS)
Batting: RHB Joe Ferneyhough 0-0: Ball
1-0: Called Strike
1-1: Foul Ball, location: 2F
1-2: Ground out 6-3 (Groundball, 6)
Batting: RHB Kyle Myers 0-0: Ball
1-0: Called Strike
1-1: Ball
2-1: Ball
3-1: Base on Balls
Batting: RHB Carlos Gómez 0-0: Foul Ball, location: 2F
0-1: Swinging Strike
0-2: SINGLE (Groundball, 56D)
Kyle Myers to second
Batting: RHB Carlos Vera 0-0: Called Strike
0-1: 3-RUN HOME RUN (Line Drive, 7D), Distance : 409 ft
Batting: LHB Cristo Ramírez 0-0: Foul Ball, location: 2F
0-1: Fly out, F2 (Popup, 2LF)
Top of the 1st over - 3 run(s), 2 hit(s), 0 error(s), 0 left on base; Naperville 3 - Tremont 0
BOTTOM OF THE 1ST
Tremont Doubledays batting - Pitching for Naperville Battlekings : LHP Martin Rogers
Pitching: LHP Martin Rogers
Batting: RHB Claudio Mendoza 0-0: Called Strike
0-1: Called Strike
0-2: Foul Ball, location: 2F
0-2: Ball
1-2: Ball
2-2: SINGLE (Groundball, 6MD)
Batting: RHB Steven Poe 0-0: Foul Ball, location: 2F
0-1: Called Strike
0-2: Strikes out swinging
Batting: RHB Billy Fitzgerald 0-0: Ball
1-0: SINGLE (Line Drive, 7S)
Claudio Mendoza to second
Batting: SHB Carroll Kline 0-0: Foul Ball, location: 2F
0-1: Called Strike
0-2: Strikes out swinging
Batting: RHB Kazunori Ito 0-0: Ball
1-0: Ball
2-0: Called Strike
2-1: Fly out, F9 (Flyball, 89S)
Bottom of the 1st over - 0 run(s), 2 hit(s), 0 error(s), 2 left on base; Naperville 3 - Tremont 0
TOP OF THE 2ND
Naperville Battlekings batting - Pitching for Tremont Doubledays : RHP Mike Hornberger
Batting: RHB Alfredo López 0-0: Ball
1-0: Ball
2-0: Foul Ball, location: 2F
2-1: Fly out, F9 (Line Drive, 9S)
Batting: RHB Earnest Veeck 0-0: Foul Ball, location: 2F
0-1: Ball
1-1: Ground out 6-3 (Groundball, 6)
Batting: RHB António Ruíz 0-0: Called Strike
0-1: Ball
1-1: Ball
2-1: Foul Ball, location: 2F
2-2: SINGLE (Groundball, 34)
Batting: RHB Pat Lindsey 0-0: Ball
1-0: Foul Ball, location: 2F
1-1: Ball
2-1: Swinging Strike
2-2: Ball
3-2: Base on Balls
António Ruíz to second
Batting: RHB Joe Ferneyhough 0-0: Ball
1-0: Called Strike
1-1: Ball
2-1: Called Strike
2-2: Ball
3-2: SINGLE (Groundball, 56D)
António Ruíz to third
Pat Lindsey to second
António Ruíz scores
Pat Lindsey to third
Batting: RHB Kyle Myers 0-0: Called Strike
0-1: Fielders Choice at 2nd, 5-4 (Groundball, 56)
Top of the 2nd over - 1 run(s), 2 hit(s), 0 error(s), 1 left on base; Naperville 4 - Tremont 0
BOTTOM OF THE 2ND
Tremont Doubledays batting - Pitching for Naperville Battlekings : LHP Martin Rogers
Batting: RHB Floyd Banks 0-0: Ball
1-0: SINGLE (Line Drive, 6MD)
Batting: SHB Todd Hill 0-0: Ball
1-0: Foul Ball, location: 2F
1-1: Ball
2-1: Fly out, F8 (Flyball, 78M)
Batting: RHB Roy Clay 0-0: Ball
Floyd Banks steals 2nd base
1-0: Fly out, F8 (Popup, 8LS)
Batting: SHB Colm Neal 0-0: Ball
1-0: Foul Ball, location: 2F
1-1: 2-RUN HOME RUN (Flyball, 7LD), Distance : 358 ft
Batting: RHB Claudio Mendoza 0-0: Called Strike
0-1: Ball
1-1: SOLO HOME RUN (Flyball, 7D), Distance : 406 ft
Batting: RHB Steven Poe 0-0: Ball
1-0: Foul Ball, location: 2F
1-1: Ball
2-1: Swinging Strike
2-2: Foul Ball, location: 2F
2-2: Ground out 6-3 (Groundball, 56)
Bottom of the 2nd over - 3 run(s), 3 hit(s), 0 error(s), 0 left on base; Naperville 4 - Tremont 3
TOP OF THE 3RD
Naperville Battlekings batting - Pitching for Tremont Doubledays : RHP Mike Hornberger
Batting: RHB Carlos Gómez 0-0: Ball
1-0: Ball
2-0: Ball
3-0: Base on Balls
Batting: RHB Carlos Vera 0-0: Called Strike
0-1: Foul Ball, location: 2F
0-2: Foul Ball, location: 2F
0-2: Ground out 5-3 (Groundball, 15S)
Carlos Gómez to second
Batting: LHB Cristo Ramírez 0-0: Ball
1-0: Ball
2-0: Ball
3-0: Called Strike
3-1: Base on Balls
Batting: RHB Alfredo López 0-0: Ball
1-0: Called Strike
1-1: Ball
2-1: Foul Ball, location: 2F
2-2: Ball
3-2: SINGLE (Groundball, 4MD)
Carlos Gómez to third
Cristo Ramírez to second
Runner from 3rd tries for Home, SAFE, throw made home
Batting: RHB Earnest Veeck 0-0: Ball
1-0: SINGLE (Line Drive, 34)
Cristo Ramírez to third
Alfredo López to second
Batting: RHB António Ruíz 0-0: Called Strike
0-1: Called Strike
0-2: Foul Ball, location: 2F
0-2: Strikes out swinging
Batting: RHB Pat Lindsey 0-0: Called Strike
0-1: Ball
1-1: Swinging Strike
1-2: Ball
2-2: Fly out, F3 (Popup, 3SF)
Top of the 3rd over - 1 run(s), 2 hit(s), 0 error(s), 3 left on base; Naperville 5 - Tremont 3
BOTTOM OF THE 3RD
Tremont Doubledays batting - Pitching for Naperville Battlekings : LHP Martin Rogers
Batting: RHB Billy Fitzgerald 0-0: Ball
1-0: Ball
2-0: Called Strike
2-1: Called Strike
2-2: Foul Ball, location: 2F
2-2: Strikes out swinging
Batting: SHB Carroll Kline 0-0: Ball
1-0: Ball
2-0: Ball
3-0: Called Strike
3-1: Base on Balls
Batting: RHB Kazunori Ito 0-0: Ball
1-0: DOUBLE (Line Drive, 3D)
Carroll Kline to third
Batting: RHB Floyd Banks 0-0: SINGLE (Groundball, 56D)
Carroll Kline scores
Kazunori Ito to third
Throwing error, E7
Kazunori Ito scores
Floyd Banks to second
Batting: SHB Todd Hill 0-0: Ball
Floyd Banks steals 3rd base
1-0: Called Strike
1-1: Swinging Strike
1-2: Foul Ball, location: 2F
1-2: Ball
2-2: Ball
3-2: Fly out, F5 (Line Drive, 5)
Batting: RHB Roy Clay 0-0: Fly out, F8 (Flyball, 8LS)
Bottom of the 3rd over - 2 run(s), 2 hit(s), 1 error(s), 1 left on base; Naperville 5 - Tremont 5
TOP OF THE 4TH
Naperville Battlekings batting - Pitching for Tremont Doubledays : RHP Mike Hornberger
Batting: RHB Joe Ferneyhough 0-0: Ball
1-0: Ball
2-0: Foul Ball, location: 2F
2-1: Ball
3-1: Ground out 5-3 (Groundball, 15S)
Batting: RHB Kyle Myers 0-0: Called Strike
0-1: Ball
1-1: Called Strike
1-2: Ground out 5-3 (Groundball, 5S)
Batting: RHB Carlos Gómez 0-0: Foul Ball, location: 2F
0-1: Ball
1-1: Foul Ball, location: 2F
1-2: Foul Ball, location: 2F
1-2: Foul Ball, location: 2F
1-2: Ball
2-2: Ball
3-2: Strikes out looking
Top of the 4th over - 0 run(s), 0 hit(s), 0 error(s), 0 left on base; Naperville 5 - Tremont 5
BOTTOM OF THE 4TH
Tremont Doubledays batting - Pitching for Naperville Battlekings : LHP Martin Rogers
Batting: SHB Colm Neal 0-0: SINGLE (Line Drive, 6)
Batting: RHB Claudio Mendoza 0-0: Ball
1-0: Ball
2-0: Called Strike
2-1: Foul Ball, location: 2F
2-2: Foul Ball, location: 2F
2-2: Ball
3-2: Grounds into double play, 6-4-3 (Groundball, 6)
Batting: RHB Steven Poe 0-0: Called Strike
0-1: Called Strike
0-2: Ball
1-2: Fly out, F8 (Popup, 8LS)
Bottom of the 4th over - 0 run(s), 1 hit(s), 0 error(s), 0 left on base; Naperville 5 - Tremont 5
TOP OF THE 5TH
Naperville Battlekings batting - Pitching for Tremont Doubledays : RHP Mike Hornberger
Batting: RHB Carlos Vera 0-0: Foul Ball, location: 2F
0-1: SINGLE (Groundball, 5D)
Batting: LHB Cristo Ramírez 0-0: Ball
1-0: Sac Bunt - play at first, batter OUT! 1-4
Carlos Vera to second
Batting: RHB Alfredo López 0-0: Ball
1-0: Foul Ball, location: 2F
1-1: Ball
2-1: Called Strike
2-2: Ball
3-2: Ground out 5-3 (Groundball, 56)
Batting: RHB Earnest Veeck 0-0: Intentional Walk
Pitching: LHP Jesús López
Batting: RHB António Ruíz 0-0: 3-RUN HOME RUN (Flyball, 7D), Distance : 407 ft
Batting: RHB Pat Lindsey 0-0: Ball
1-0: Foul Ball, location: 2F
1-1: Ball
2-1: Swinging Strike
2-2: SINGLE (Groundball, 56)
Batting: RHB Joe Ferneyhough 0-0: Called Strike
0-1: Ball
1-1: Ball
2-1: Ball
3-1: Base on Balls
Pat Lindsey to second
Batting: RHB Kyle Myers 0-0: Called Strike
0-1: Ball
Passed Ball!
Pat Lindsey to third
Joe Ferneyhough to second
1-1: Intentional Walk
Batting: RHB Carlos Gómez 0-0: Called Strike
0-1: Ball
1-1: Foul Ball, location: 2F
1-2: Ball
2-2: Ball
3-2: Foul Ball, location: 2F
3-2: Strikes out looking
Top of the 5th over - 3 run(s), 3 hit(s), 0 error(s), 3 left on base; Naperville 8 - Tremont 5
BOTTOM OF THE 5TH
Tremont Doubledays batting - Pitching for Naperville Battlekings : LHP Martin Rogers
Batting: RHB Billy Fitzgerald 0-0: Called Strike
0-1: DOUBLE (Line Drive, 7D)
Batting: SHB Carroll Kline 0-0: Foul Ball, location: 2F
0-1: Ball
1-1: Ground out 6-3 (Groundball, 6M)
Billy Fitzgerald to third
Batting: RHB Kazunori Ito 0-0: Called Strike
0-1: Called Strike
0-2: Ball
1-2: Ball
2-2: Ground out 5-3 (Groundball, 5)
Batting: RHB Floyd Banks 0-0: Called Strike
0-1: Fly out, F7 (Flyball, 78XD)
Bottom of the 5th over - 0 run(s), 1 hit(s), 0 error(s), 1 left on base; Naperville 8 - Tremont 5
TOP OF THE 6TH
Naperville Battlekings batting - Pitching for Tremont Doubledays : LHP Jesús López
Batting: RHB Carlos Vera 0-0: Called Strike
0-1: SINGLE (Groundball, 25) (infield hit)
Batting: LHB Cristo Ramírez 0-0: Foul Ball, location: 2F
0-1: Ball
1-1: Foul Ball, location: 2F
1-2: Ball
2-2: DOUBLE (Flyball, 78D)
Carlos Vera to third
Runner from 3rd tries for Home, SAFE, throw made home
Batting: RHB Alfredo López 0-0: Foul Ball, location: 2F
0-1: Called Strike
0-2: Foul Ball, location: 2F
0-2: Ball
1-2: Foul Ball, location: 2F
1-2: Fly out, F4 (Popup, 4MD)
Batting: RHB Earnest Veeck 0-0: Intentional Walk
Pitching: RHP Josh Parker
Batting: RHB António Ruíz 0-0: Swinging Strike
0-1: Ball
1-1: Ball
2-1: Swinging Strike
2-2: Fly out, F9 (Flyball, 9M)
Batting: RHB Pat Lindsey 0-0: Called Strike
0-1: Ball
1-1: Ball
2-1: Swinging Strike
2-2: Foul Ball, location: 2F
2-2: Strikes out swinging
Top of the 6th over - 1 run(s), 2 hit(s), 0 error(s), 2 left on base; Naperville 9 - Tremont 5
BOTTOM OF THE 6TH
Tremont Doubledays batting - Pitching for Naperville Battlekings : LHP Martin Rogers
Batting: SHB Todd Hill 0-0: Called Strike
0-1: Foul Ball, location: 2F
0-2: Ball
1-2: Strikes out swinging
Batting: RHB Roy Clay 0-0: Swinging Strike
0-1: Ground out 6-3 (Groundball, 56)
Batting: SHB Colm Neal 0-0: Ball
1-0: SINGLE (Line Drive, 5D)
Pitching: RHP Waylon Anderson
Batting: RHB Claudio Mendoza 0-0: Ball
1-0: Called Strike
1-1: Foul Ball, location: 2F
1-2: Ball
2-2: Ball
3-2: Strikes out swinging
Bottom of the 6th over - 0 run(s), 1 hit(s), 0 error(s), 1 left on base; Naperville 9 - Tremont 5
TOP OF THE 7TH
Naperville Battlekings batting - Pitching for Tremont Doubledays : RHP Josh Parker
Batting: RHB Joe Ferneyhough 0-0: SINGLE (Line Drive, 6D)
Batting: RHB Kyle Myers 0-0: Ball
1-0: Swinging Strike
1-1: Foul Ball, location: 2F
1-2: Foul Ball, location: 2F
1-2: Ball
2-2: Strikes out swinging
Batting: RHB Carlos Gómez 0-0: Called Strike
0-1: Ball
1-1: Ball
2-1: Called Strike
2-2: Foul Ball, location: 2F
2-2: SINGLE (Groundball, 6)
Joe Ferneyhough to second
Batting: RHB Carlos Vera 0-0: Called Strike
0-1: Ball
1-1: Swinging Strike
1-2: Strikes out swinging
Pitching: LHP Stanley Harris
Batting: LHB Cristo Ramírez 0-0: Ball
1-0: Ball
2-0: Foul Ball, location: 2F
2-1: Foul Ball, location: 2F
2-2: Foul Ball, location: 2F
2-2: 3-RUN HOME RUN (Flyball, 9D), Distance : 384 ft
Batting: RHB Alfredo López 0-0: Called Strike
0-1: Swinging Strike
0-2: Strikes out swinging
Top of the 7th over - 3 run(s), 3 hit(s), 0 error(s), 0 left on base; Naperville 12 - Tremont 5
BOTTOM OF THE 7TH
Tremont Doubledays batting - Pitching for Naperville Battlekings : RHP Waylon Anderson
Batting: RHB Steven Poe 0-0: Called Strike
0-1: Called Strike
0-2: Strikes out swinging
Batting: RHB Billy Fitzgerald 0-0: Foul Ball, location: 2F
0-1: Ball
1-1: Foul Ball, location: 2F
1-2: Strikes out looking
Batting: SHB Carroll Kline 0-0: Ball
1-0: Foul Ball, location: 2F
1-1: Ball
2-1: Swinging Strike
2-2: Foul Ball, location: 2F
2-2: Strikes out swinging
Bottom of the 7th over - 0 run(s), 0 hit(s), 0 error(s), 0 left on base; Naperville 12 - Tremont 5
TOP OF THE 8TH
Naperville Battlekings batting - Pitching for Tremont Doubledays : LHP Stanley Harris
Batting: RHB Earnest Veeck 0-0: Ball
1-0: SINGLE (Groundball, 4MD)
Batting: RHB António Ruíz 0-0: Grounds into double play, 4-6-3 (Groundball, 4)
Batting: RHB Pat Lindsey 0-0: Ball
1-0: Ground out 4-3 (Groundball, 34)
Top of the 8th over - 0 run(s), 1 hit(s), 0 error(s), 0 left on base; Naperville 12 - Tremont 5
BOTTOM OF THE 8TH
Tremont Doubledays batting - Pitching for Naperville Battlekings : RHP Waylon Anderson
Batting: RHB Kazunori Ito 0-0: Swinging Strike
0-1: Ball
1-1: Swinging Strike
1-2: Strikes out swinging
Batting: RHB Floyd Banks 0-0: SOLO HOME RUN (Flyball, 78XD), Distance : 436 ft
Batting: SHB Todd Hill 0-0: Called Strike
0-1: Swinging Strike
0-2: SOLO HOME RUN (Flyball, 89XD), Distance : 435 ft
Batting: RHB Roy Clay 0-0: Called Strike
0-1: Foul Ball, location: 2F
0-2: Ground out 6-3 (Groundball, 6)
Batting: SHB Colm Neal 0-0: Foul Ball, location: 2F
0-1: Ball
1-1: Ball
2-1: Ball
3-1: Base on Balls
Batting: RHB Claudio Mendoza 0-0: Called Strike
0-1: Ball
1-1: Ball
2-1: Fly out, F7 (Flyball, 78M)
Bottom of the 8th over - 2 run(s), 2 hit(s), 0 error(s), 1 left on base; Naperville 12 - Tremont 7
TOP OF THE 9TH
Naperville Battlekings batting - Pitching for Tremont Doubledays : LHP Stanley Harris
Batting: RHB Joe Ferneyhough 0-0: Foul Ball, location: 2F
0-1: SOLO HOME RUN (Flyball, 8LXD), Distance : 442 ft
Pitching: RHP Ernest Gunter
Batting: RHB Kyle Myers 0-0: Ball
1-0: Foul Ball, location: 2F
1-1: Foul Ball, location: 2F
1-2: DOUBLE (Line Drive, 9D)
Batting: RHB Carlos Gómez 0-0: Foul Ball, location: 2F
0-1: Swinging Strike
0-2: Strikes out looking
Batting: RHB Carlos Vera 0-0: Ball
1-0: Called Strike
1-1: Ball
2-1: Called Strike
2-2: Fly out, F8 (Flyball, 89XD)
Runner from 2nd tags up, SAFE at 3rd, no throw
Batting: LHB Cristo Ramírez 0-0: Foul Ball, location: 2F
0-1: Ball
1-1: Called Strike
1-2: Foul Ball, location: 2F
1-2: Foul Ball, location: 2F
1-2: Ball
2-2: Foul Ball, location: 2F
2-2: Foul Ball, location: 2F
2-2: SINGLE (Line Drive, 34)
Kyle Myers scores
Batting: RHB Alfredo López 0-0: SINGLE (Flyball, 8RS)
Cristo Ramírez to second
Runner from 2nd tries for 3rd, SAFE, no throw or cutoff
Batting: RHB Earnest Veeck 0-0: Ball
1-0: Foul Ball, location: 2F
1-1: Fly out, F6 (Popup, 7S)
Top of the 9th over - 2 run(s), 4 hit(s), 0 error(s), 2 left on base; Naperville 14 - Tremont 7
BOTTOM OF THE 9TH
Tremont Doubledays batting - Pitching for Naperville Battlekings : RHP Waylon Anderson
Pitching: RHP Ron Kennedy
Batting: RHB Steven Poe 0-0: Ground out 5-3 (Groundball, 5S)
Batting: RHB Billy Fitzgerald 0-0: Ball
1-0: Swinging Strike
1-1: Swinging Strike
1-2: Ball
2-2: Strikes out swinging
Batting: SHB Carroll Kline 0-0: SOLO HOME RUN (Line Drive, 9D), Distance : 394 ft
Batting: RHB Kazunori Ito 0-0: Ball
1-0: Ball
2-0: Swinging Strike
2-1: Ball
3-1: Base on Balls
Batting: RHB Floyd Banks 0-0: Foul Ball, location: 2F
0-1: Ball
Wild Pitch!
Kazunori Ito to second
1-1: SINGLE (Line Drive, 8RS)
Kazunori Ito to third
Runner from 3rd tries for Home, SAFE, no throw or cutoff
Batting: SHB Todd Hill 0-0: Called Strike
0-1: Swinging Strike
0-2: Ball
1-2: Foul Ball, location: 2F
1-2: Ball
2-2: 2-RUN HOME RUN (Flyball, 89XD), Distance : 438 ft
Batting: RHB Roy Clay 0-0: Foul Ball, location: 2F
0-1: Ground out 5-3 (Groundball, 56)
Bottom of the 9th over - 4 run(s), 3 hit(s), 0 error(s), 0 left on base; Naperville 14 - Tremont 11
This league is powered by Out of the Park Baseball, the baseball management simulation game for PC, Mac and Linux
Monday, May 4th, 2015 - OOTP Baseball 15.6 Build 34